[gd_scene load_steps=5 format=2]

[ext_resource path="res://assets/menu_background.png" type="Texture" id=1]
[ext_resource path="res://scripts/WizardScene.gd" type="Script" id=2]
[ext_resource path="res://assets/fonts/new_gentiumitalicdynamicfont.tres" type="DynamicFont" id=3]
[ext_resource path="res://assets/fonts/new_gentiumdynamicfont.tres" type="DynamicFont" id=4]

[node name="Control" type="Control"]
anchor_right = 1.0
anchor_bottom = 1.0
script = ExtResource( 2 )
__meta__ = {
"_edit_use_anchors_": false
}

[node name="TextureRect" type="TextureRect" parent="."]
margin_right = 896.0
margin_bottom = 896.0
texture = ExtResource( 1 )
stretch_mode = 4
__meta__ = {
"_edit_use_anchors_": false
}

[node name="PanelContainer" type="PanelContainer" parent="."]
anchor_left = 0.2
anchor_top = 0.15
anchor_right = 0.8
anchor_bottom = 0.7
margin_left = -0.735107
margin_right = -0.735107
__meta__ = {
"_edit_use_anchors_": false
}

[node name="VBoxContainer" type="VBoxContainer" parent="PanelContainer"]
margin_left = 7.0
margin_top = 7.0
margin_right = 413.0
margin_bottom = 488.0
alignment = 1

[node name="MessageLabel" type="Label" parent="PanelContainer/VBoxContainer"]
margin_right = 406.0
margin_bottom = 82.0
text = "

Reinforcement Learning Zombies

=================================================="
align = 1
valign = 1
autowrap = true
__meta__ = {
"_edit_use_anchors_": false
}

[node name="PanelContainer" type="PanelContainer" parent="PanelContainer/VBoxContainer"]
margin_top = 86.0
margin_right = 406.0
margin_bottom = 433.0
size_flags_horizontal = 3
size_flags_vertical = 3

[node name="RichTextLabel1" type="RichTextLabel" parent="PanelContainer/VBoxContainer/PanelContainer"]
margin_left = 7.0
margin_top = 7.0
margin_right = 399.0
margin_bottom = 340.0
rect_clip_content = false
size_flags_vertical = 3
custom_fonts/italics_font = ExtResource( 3 )
custom_fonts/normal_font = ExtResource( 4 )
custom_colors/default_color = Color( 1, 1, 1, 1 )
bbcode_enabled = true
bbcode_text = "



Reinforcement learning (RL) is an area of research focused on the key concepts of [i]software agent[/i] and [i]environment[/i]. An [i]environment[/i] is any representation of a task or scenario that has an internal state given a precise instant in time. An [i]agent[/i] is a computer program of any nature capable of interacting with the environment."
text = "



Reinforcement learning (RL) is an area of research focused on the key concepts of software agent and environment. An environment is any representation of a task or scenario that has an internal state given a precise instant in time. An agent is a computer program of any nature capable of interacting with the environment."
__meta__ = {
"_edit_use_anchors_": false
}

[node name="RichTextLabel2" type="RichTextLabel" parent="PanelContainer/VBoxContainer/PanelContainer"]
visible = false
margin_left = 7.0
margin_top = 7.0
margin_right = 399.0
margin_bottom = 340.0
rect_clip_content = false
size_flags_vertical = 3
custom_fonts/italics_font = ExtResource( 3 )
custom_fonts/normal_font = ExtResource( 4 )
custom_colors/default_color = Color( 1, 1, 1, 1 )
bbcode_enabled = true
bbcode_text = "


How does this interaction take place?

[i]Agents[/i] make choices among a set of possible actions contained in an [i]action space[/i]. The action is fed to the environment, and the environment responds providing an observation and a reward for the agent.

The goal of the agent is to maximize the obtained rewards"
text = "


How does this interaction take place?

Agents make choices among a set of possible actions contained in an action space. The action is fed to the environment, and the environment responds providing an observation and a reward for the agent.

The goal of the agent is to maximize the obtained rewards"

[node name="RichTextLabel3" type="RichTextLabel" parent="PanelContainer/VBoxContainer/PanelContainer"]
visible = false
margin_left = 7.0
margin_top = 7.0
margin_right = 399.0
margin_bottom = 340.0
rect_clip_content = false
size_flags_vertical = 3
custom_fonts/italics_font = ExtResource( 3 )
custom_fonts/normal_font = ExtResource( 4 )
custom_colors/default_color = Color( 1, 1, 1, 1 )
bbcode_enabled = true
bbcode_text = "
We have tested various reinforcement learning algorithms in a custom environment consisting on the simulation of a hide 'n' seek game played by [i]zombies[/i] and [i]citizens[/i].

- [i]Deep Q Learning[/i]
- [i]Policy Gradients[/i]
- [i]Proximal Policy Optimization[/i]

Continue to run a multiagent simulation on any available server. You can easily create your own with Python. For further information, see the project's repository [url=https://gitlab.com/ruben.montero/town-survival-rl-simulator]README.md[/url].
"
text = "
We have tested various reinforcement learning algorithms in a custom environment consisting on the simulation of a hide 'n' seek game played by zombies and citizens.

- Deep Q Learning
- Policy Gradients
- Proximal Policy Optimization

Continue to run a multiagent simulation on any available server. You can easily create your own with Python. For further information, see the project's repository README.md.
"

[node name="Button2" type="Button" parent="PanelContainer/VBoxContainer"]
margin_top = 437.0
margin_right = 406.0
margin_bottom = 457.0
text = "Read more >"

[node name="Button" type="Button" parent="PanelContainer/VBoxContainer"]
margin_top = 461.0
margin_right = 406.0
margin_bottom = 481.0
text = "Continue"
[connection signal="pressed" from="PanelContainer/VBoxContainer/Button2" to="." method="_on_Button2_pressed"]
[connection signal="pressed" from="PanelContainer/VBoxContainer/Button" to="." method="_on_Button_pressed"]
